 Dungeon Crawl Stone Soup version 0.31-a0-210-gccc998df9b (webtiles) character file.

Game seed: 379037312264401806

44 qw the Shooter (level 3, -7/21 HPs)
             Began as a Gargoyle Hexslinger on June 29, 2023.
             Mangled by a gnoll
             ... wielding a +1 heavy flail
              (16 damage)
             ... on level 2 of the Dungeon.
             The game lasted 00:00:21 (948 turns).

qw the Shooter (Gargoyle Hexslinger)                 Turns: 948, Time: 00:00:22

Health: -7/21      AC:  6    Str: 11    XL:     3   Next: 60%
Magic:  4/4        EV: 11    Int: 13    God:
Gold:   99         SH:  0    Dex: 14    Spells: 3/4 levels left

rFire   . . .        Y - +1 sling
rCold   . . .        (no shield)
rNeg    + . .        i - +0 leather armour
rPois   inf          (no helmet)
rElec   +            (no cloak)
rCorr   .            (no gloves)
SInv    .            (no boots)
Will    .....        (no amulet)
Stlth   +            (no ring)
HPRegen 0.23/turn    (no ring)
MPRegen 0.09/turn

%: no passive effects
@: no status effects
A: sickness immunity, AC +3, negative energy resistance 1, electricity
resistance, torment resistance 1, petrification resistance
a: no special abilities


You were on level 2 of the Dungeon.
You visited 1 branch of the dungeon, and saw 2 of its levels.

You collected 99 gold pieces.


Innate Abilities, Weirdness & Mutations

You are immune to sickness and miasma.
Your stone body is resilient. (AC +3)
You are immune to poison.
You resist negative energy. (rN+)
You are resistant to electric shocks. (rElec)
You are resistant to unholy torment.
You are immune to petrification.


   Skills:
 - Level 2.0 Fighting
 + Level 3.5 Ranged Weapons
 - Level 1.5 Dodging
 - Level 1.0 Spellcasting
 - Level 2.6 Hexes


You had 3 spell levels left.
You knew the following spells:

 Your Spells              Type           Power      Damage    Failure   Level
a - Slow                  Hex            28%        N/A       12%         1

Your spell library contained the following spells:

 Spells                   Type           Power      Damage    Failure   Level
 Inner Flame              Hex/Fire       4%         N/A       54%         3
 Portal Projectile        Hex/Tloc       8%         N/A       54%         3
 Cause Fear               Hex            3%         N/A       77%         4

Inventory:

Hand Weapons
 Y - a +1 sling (weapon)
Armour
 i - a +0 leather armour (worn)
Scrolls
 a - a scroll of teleportation {unknown}
 b - a scroll of revelation {unknown}
 c - a scroll of enchant armour
Potions
 d - 2 potions of curing {unknown}
 f - a potion of cancellation {unknown}
 h - a potion of resistance {unknown}

Dungeon Overview and Level Annotations

Branches:
Dungeon (2/15)

Altars:


Message History

Found a stone staircase leading up.
You shoot a sling bullet. The sling bullet hits the quokka.
You kill the quokka!
c - a scroll of enchant armour
Enter note:
Enter note: A gnoll comes into view. It is wielding a +0 flail.
Enter note:
Enter note: You shoot a sling bullet.
The sling bullet hits the gnoll but does no damage.
The gnoll shouts!
A gnoll comes into view. It is wielding a +1 heavy flail.
A gnoll comes into view. It is wielding a +0 club.
You shoot a sling bullet. The gnoll shouts! x2
The sling bullet hits the gnoll.
The gnoll is moderately wounded.
You shoot a sling bullet. The sling bullet hits the gnoll!
The gnoll is almost dead.
You shoot a sling bullet. The sling bullet hits the gnoll.
You kill the gnoll!
You shoot a sling bullet.
The sling bullet completely misses the gnoll.
The sling bullet closely misses the gnoll.
You shoot a sling bullet. The sling bullet hits the gnoll.
The gnoll is lightly wounded.
You shoot a sling bullet.
The sling bullet closely misses the gnoll.
The sling bullet hits the gnoll!
The gnoll is heavily wounded.
You shoot a sling bullet. The sling bullet hits the gnoll.
The gnoll is moderately wounded.
The gnoll hits you with a +1 heavy flail!
Ouch! That really hurt!
You shoot a sling bullet.
The sling bullet closely misses the gnoll.
The gnoll hits you with a +1 heavy flail!
Ouch! That really hurt!
You die...

#.# ## #.# .. #.#
#. #.# ##. ###.###
#.. #.....# #..
##.....#######.#..
#..............#..
#@.....###..####..
#gg..........# #..
#<########...###..
#)# #........ #.#
#..####.. #.# #..#
#.. #.. ....# #..
... .....# ##.
####### #.


You could see 2 gnolls.

Vanquished Creatures
  A gnoll (D:2)
  A ball python (D:1)
  2 endoplasms (D:2)
  2 giant cockroaches (D:2)
  A goblin (D:2)
  3 hobgoblins (D:1)
  8 jackals (D:1)
  A kobold (D:1)
  3 quokkas
  2 bats
  5 rats (D:1)
29 creatures vanquished.

Notes
Turn   | Place    | Note
-------+----------+-------------------------------------------
     0 | D:1      | qw the Gargoyle Hexslinger began the quest for the Orb.
     0 | D:1      | Reached XP level 1. HP: 12/12 MP: 2/2
     0 | D:1      | 0 ||| qw: Version: 0.3-a-24-ga2abf7b
     0 | D:1      | 0 ||| qw: Game counter: 6987
     0 | D:1      | 0 ||| qw: Melee chars always use a shield: true
     0 | D:1      | 0 ||| qw: God list: Okawaru
     0 | D:1      | 0 ||| qw: Allow faded altars: false
     0 | D:1      | 0 ||| qw: Do Orc after clearing Dungeon:15 true
     0 | D:1      | 0 ||| qw: Do second Lair branch before Depths: true
     0 | D:1      | 0 ||| qw: Lair rune preference: random
     0 | D:1      | 0 ||| qw: Goals: Normal
     0 | D:1      | 0 ||| PLANNING D:1-11
   140 | D:1      | Reached XP level 2. HP: 16/16 MP: 3/3
   428 | D:1      | Reached skill level 3 in Ranged Weapons
   767 | D:1      | Reached XP level 3. HP: 11/21 MP: 4/4
   824 | D:1      | 824 ||| UPGRADING to +0 leather armour.
   834 | D:1      | 834 ||| DROPPING +0 robe.
   835 | D:1      | 835 ||| READING scroll labelled IPAT JAULA.
   836 | D:1      | 836 ||| READING scroll labelled TEAXZORIA.
   837 | D:1      | 837 ||| READING scroll labelled BUWUNG ECLOKH.
   838 | D:1      | 838 ||| DROPPING scroll of poison.
   948 | D:2      | Mangled by a gnoll

Levels and vault maps discovered:
D:1:      lightli_arrival_statuegarden, layout_rooms, nicolae_hexahallways,
          nicolae_concentric_dashed_squares_mild
D:2:      layout_loops_ring

Skill      XL: |  1  2 |
---------------+-------+-----
Ranged Weapons | 3 |  3.5
Fighting       | 2 |  2.0
Dodging        | |  1.5
Spellcasting   | |  1.0
Hexes          | |  2.6

Action                     || total
---------------------------++-------
   Fire: Sling             ||    88
    Use: Scroll            ||     3
 Armour: Robe              ||    14
         Leather armour    ||     2
  Dodge: Dodged            ||    25

Table legend:
 A = Non-vault XP
 B = Vault XP
 C = Vault XP percentage of total XP
 D = Non-vault monster count
 E = Vault monster count
 F = Vault count percentage of total count
                 A         B        C        D         E       F
            +---------+---------+-------+---------+---------+-------
      Total |      63 |       0 |   0.0 |      29 |       0 |   0.0
            +---------+---------+-------+---------+---------+-------
        D:1 |      36 |       0 |   0.0 |      21 |       0 |   0.0
        D:2 |      27 |       0 |   0.0 |       8 |       0 |   0.0
            +---------+---------+-------+---------+---------+-------
